cohdb
Replays
Latest Replays
All Replays
Popular Replays
Top Player Replays
Match Explorer
How It Works
Community
CoH3 Stats
Reddit
Sign in to upload your games and track your stats! →
Sign in with Steam
Match 41018038
Unlisted
Match 41018038
Overview
Messages
Build Orders
End
Vickers Machine Gun Team
Construct Section Command Post
Dingo Light Scout Car
Selects Indian Artillery Battlegroup
Selects Indian Artillery Battlegroup
Infantry Section
Selects War Cry
Infantry Section
Infantry Section
Construct Platoon Command Post
Selects Gurkha Rifles Section
Humber Armored Car
Construct Field Infirmary
Infantry Training
Gurkha Rifles Section
Selects Volunteer Infantry
Construct Company Command Post
Crusader II Medium Tank
Selects Artillery Saturation
Foot Guards Section
Selects Off-map Airburst Barrage
Crusader II Medium Tank
Off-map Airburst Barrage
Selects BL5.5 Artillery Emplacement
Foot Guards Section
Crusader II Medium Tank
Royal Engineer Section
Off-map Airburst Barrage
Crusader II Medium Tank
Crusader II Medium Tank
Royal Engineer Section
Armored Vehicle Training
Off-map Airburst Barrage
Off-map Airburst Barrage
Crusader II Medium Tank
Crusader II Medium Tank
STALKER4732
SoyaLors
Raedwulf
Devochkin
Musketeer
High Voltage
Nemesis91
Woolridge
0
0
Comments
sign in to comment!
No comments posted yet!